 Dungeon Crawl Stone Soup version 0.28-a0-1506-g3893175d92 (webtiles) character file.

Game seed: 5052609830038570623

24068 siradein the Thaumaturge (level 13, -11/86 HPs)
             Began as a Djinni Summoner on Jan 13, 2022.
             Was a Priest of Hepliaklqana.
             Killed from afar by a rime drake (21 damage)
             ... with a flash freeze
             ... on level 3 of the Lair of Beasts on Jan 14, 2022.
             The game lasted 01:11:52 (21954 turns).

siradein the Thaumaturge (Djinni Summoner)         Turns: 21954, Time: 01:11:54

Health: -11/86     AC:  6    Str:  7    XL:     13   Next: 40%
Gold:   971        EV: 30    Int: 27    God:    Hepliaklqana [***...] SH:  0 Dex: 20

rFire   . . .      SeeInvis .     - Unarmed
rCold   . . .      Faith    .   (shield currently unavailable)
rNeg    . . .      Spirit   .   (armour currently unavailable)
rPois   ∞          Reflect  .   (helmet currently unavailable)
rElec   .          Harm     .   (cloak currently unavailable)
rCorr   .          Rampage  .   (gloves currently unavailable)
Will    +....                   (boots unavailable)
Stlth   ++........              Q - amulet of regeneration
HPRegen 1.04/turn               p - +4 ring of protection
MPRegen 0.00/turn               I - +6 ring of intelligence

@: spider-form, flying
A: venomous fangs, flying, reduced essence, sickness immunity, tiny, (fire
resistance 2), (cold vulnerability 1), float, innate caster, hp casting, extra
vitality 1
a: End Transformation, Renounce Religion, Recall Ancestor, Ancestor Identity,
Transference


You were on level 3 of the Lair of Beasts.
You worshipped Hepliaklqana.
Hepliaklqana was most pleased with you.
You were a venomous arachnid creature.
You visited 3 branches of the dungeon, and saw 15 of its levels.
You also visited: Ossuary and Bailey.

You collected 971 gold pieces.

Inventory:

Hand Weapons
 J - a +0 long sword of distortion (melded)
Armour
 a - a +2 helmet (melded)
 c - a +2 cloak (melded)
 v - a +0 pair of gloves (melded)
 H - a +0 troll leather armour (melded)
Jewellery
 d - a ring of ice
 o - a ring of wizardry
 p - a +4 ring of protection (left front leg)
 D - a +4 ring of slaying
 I - a +6 ring of intelligence (right front leg)
 Q - an amulet of regeneration (around neck)
Wands
 q - a wand of flame (25)
 s - a wand of polymorph (21)
 G - a wand of acid (17)
Scrolls
 b - a scroll of immolation
 g - 2 scrolls of fog
 h - a scroll of silence
 m - a scroll of blinking
 n - a scroll of holy word
 t - 3 scrolls of fear
 u - 3 scrolls of enchant weapon
 x - 4 scrolls of magic mapping
 y - 2 scrolls of vulnerability {unknown}
 z - a scroll of torment {unknown}
 A - 4 scrolls of teleportation {unknown}
 B - 2 scrolls of brand weapon {unknown}
 E - a scroll of summoning {unknown}
 O - a scroll of acquirement
 R - a scroll of enchant armour {unknown}
Potions
 e - 12 potions of curing
 f - 3 potions of attraction
 i - 2 potions of haste
 j - 2 potions of resistance
 k - 3 potions of cancellation
 l - 2 potions of brilliance
 r - 3 potions of flight {unknown}
 w - a potion of lignification {unknown}
 C - 8 potions of heal wounds
 F - 2 potions of degeneration {unknown}
 K - a potion of invisibility {unknown}
 L - 5 potions of might {unknown}
 M - 3 potions of mutation {unknown}
 N - 2 potions of experience {unknown}
 P - 2 potions of magic {unknown}
 S - a potion of ambrosia {unknown}


   Skills:
 + Level 10.1 Fighting
 + Level 11.3 Dodging
 - Level 1.5 Stealth
 + Level 8.5 Unarmed Combat
 * Level 11.5 Spellcasting


You had 4 spell levels left.
You knew the following spells:

 Your Spells              Type           Power      Damage    Failure   Level
a - Summon Small Mammal   Summ           100%       N/A       1%          1
b - Call Imp              Summ           67%        N/A       1%          2
c - Call Canine Familiar  Summ           67%        N/A       1%          3
d - Summon Guardian Gole  Hex/Summ       67%        N/A       1%          3
e - Summon Lightning Spi  Summ/Air       67%        N/A       2%          4
f - Freeze                Ice            100%       1d11      1%          1
g - Searing Ray           Conj           100%       2d8       1%          2
h - Mephitic Cloud        Conj/Pois/Air  67%        N/A       1%          3
i - Spider Form           Tmut/Pois      67%        N/A       1%          3
j - Flame Wave            Conj/Fire      67%        2d10      2%          4
k - Borgnjor's Vile Clut  Necr/Erth      33%        N/A       4%          5
Your spell library was empty.

Dungeon Overview and Level Annotations

Branches:
Dungeon (11/15)            Temple (1/1) D:5            Lair (3/6) D:11
  Snake (0/4) Lair:2          Orc (0/2) D:10        Ossuary (visited)
 Bailey (visited)
  Swamp: Lair:2-4    Shoals: Lair:2-4

Altars:
Ashenzari
Cheibriados
Dithmenos
Elyvilon
Fedhas
Gozag
Hepliaklqana
Kikubaaqudgha
Makhleb
Nemelex Xobeh
Okawaru
Qazlal
Ru
Sif Muna
Trog
Uskayaw
Vehumet
Wu Jian
Xom
Yredelemnul
Zin
The Shining One
Jiyva

Shops:
D:10 (

Annotations:
Lair:2 3 runed translucent doors, oldriver's ghost, journeyman GnGl


Innate Abilities, Weirdness & Mutations

You are a venomous arachnid creature.
You have poisonous fangs.
You are tiny and dextrous.
You are flying.
Your spellcasting is less reliable in this form.
Your armour is entirely melded.
You are incapable of wielding weapons or throwing items.
Your life essence is reduced to manifest your ancestor. (-10% HP)
You are immune to sickness and miasma.
You are immune to poison.
((Your flesh is very heat resistant. (rF++)))
((You are vulnerable to cold. (rC-)))
You float through the air rather than walking.
You learn spells naturally, not from books.
Your magical power is your life essence.
You have superior vitality. (+4 MHP)


Message History

Sukacok misses the blink frog.
The blink frog hits you but does no damage.
You closely miss the blink frog.
The blink frog is almost dead.
You kill the blink frog!
A rime drake comes into view.
A water moccasin comes into view.
You see here a blink frog corpse.
The rime drake breathes ice at you. The flash freeze misses you.
You see here a wyvern corpse.
You see here a blink frog corpse.
A wyvern comes into view.
The rime drake completely misses you.
You barely miss the rime drake. The rime drake misses you.
You bite the rime drake!
The rime drake is moderately wounded.
The rime drake breathes ice at you. The flash freeze hits you!!
You are encased in ice.
You hit the rime drake but do no damage.
The rime drake is poisoned.
The rime drake is moderately wounded.
The rime drake completely misses you.
Sukacok barely misses the rime drake.
The rime drake completely misses you.
You hit the rime drake but do no damage.
The rime drake is moderately wounded.
Sukacok barely misses the rime drake.
The rime drake bites you.
You closely miss the rime drake.
The rime drake is moderately wounded.
Sukacok hits the rime drake with a +0 dagger of draining!
The rime drake completely misses you. The wyvern bites you!
You bite the rime drake!
The rime drake is almost dead.
The ice encasing you melts away. The wyvern bites you!
* * * LOW HITPOINT WARNING * * *
The rime drake breathes ice at you. The flash freeze hits you!!
You die...

.... #+###........
.P..##.P..........
..................
................#
................#
................#
................#
##.#l<...#..
####†#ks....P...
#P.##...†R#.........
#.......†#.........
#..#...††##......##.
##........#.....#..
#.#.....#......###.
#P..#...#.......#
#.PP.##.#........
#.... ..........


You could see the friendly Sukacok the hexer, a rime drake (very poisoned,
catching breath, ally target) and a wyvern.

Vanquished Creatures
  3 hydras (Lair:2)
  Erolcha (D:10)
  Maurice (D:8)
  A black mamba (Lair:1)
  Psyche (D:9)
  A cane toad (Lair:1)
  A gargoyle (D:11)
  A kobold demonologist (D:10)
  2 rime drakes
  A hornet (shapeshifter) (D:11)
  7 blink frogs
  A slime creature (D:9)
  Sigmund (D:2)
  12 yaks
  2 fire bats (Lair:2)
  3 wyverns
  A swamp worm (Lair:1)
  6 water moccasins
  2 orc warriors
  3 sky beasts
  An ogre (D:4)
  6 centaurs
  4 kobold brigands
  5 bullfrogs
  2 scorpions
  A wyvern zombie (Ossuary)
  7 killer bees
  An electric eel (Lair:1)
  A howler monkey (D:6)
  4 centaur zombies
  2 hounds
  2 orc priests
  A bullfrog zombie (Ossuary)
  3 centaur skeletons
  2 jellies
  A gnoll shaman (D:10)
  3 iguanas
  6 orc wizards
  3 killer bee zombies (Ossuary)
  6 mummies (Ossuary)
  2 howler monkey zombies
  16 gnolls
  8 adders
  A shadow imp (D:7)
  An ufetubus (D:4)
  An adder skeleton (D:4)
  3 worms
  3 dart slugs
  27 orcs
  5 ball pythons
  5 bats
  8 endoplasms
  4 giant cockroaches
  7 goblins
  7 hobgoblins
  9 jackals
  26 kobolds
  4 quokkas
  2 frilled lizards
  A goblin zombie (D:4)
  5 rats
  A rat zombie (D:4)
258 creatures vanquished.

Vanquished Creatures (collateral kills)
  2 hydras
  2 two-headed ogres (D:11)
  An oklob plant (D:11)
  A cane toad (Lair:1)
  A demonic crawler (Lair:1)
  An unseen horror (D:11)
  Maggie (D:7)
  A komodo dragon (Lair:1)
  2 trolls (D:10)
  Prince Ribbit (D:5)
  2 slime creatures (D:6)
  2 blink frogs (Lair:2)
  A shadow (D:7)
  10 yaks
  A wyvern (Lair:3)
  2 fire bats (Lair:2)
  A basilisk (Lair:1)
  3 nagas (Lair:2)
  A swamp worm (Lair:1)
  A water moccasin (Lair:1)
  2 black bears
  2 orc warriors
  2 ice beasts
  2 centaurs
  A bullfrog (Lair:2)
  2 wyvern zombies
  A water moccasin zombie (D:7)
  4 killer bees
  A bullfrog zombie (Ossuary)
  5 centaur zombies
  2 jellies (D:6)
  A gnoll shaman (D:8)
  An iguana (D:4)
  2 orc wizards
  4 killer bee zombies (Ossuary)
  12 mummies (Ossuary)
  A howler monkey zombie (Ossuary)
  3 adders (D:4)
  5 gnolls
  A dart slug (D:2)
  8 orcs
  An endoplasm (D:6)
  A giant cockroach (D:2)
  5 goblins
  A jackal (D:1)
  A kobold (D:4)
  A bat (D:1)
  A rat (D:1)
110 creatures vanquished.

Vanquished Creatures (others)
  A hexer (Lair:1)
  4 ancestors (D:10)
  An orc wizard (D:9)
  19 fungi
  23 plants
  9 toadstools (D:6)
  5 withered plants (Ossuary)
62 creatures vanquished.

Grand Total: 430 creatures vanquished

Notes
Turn   | Place    | Note
-------+----------+-------------------------------------------
     0 | D:1      | siradein the Djinni Summoner began the quest for the Orb.
     0 | D:1      | Reached XP level 1. HP: 15/15 MP: 0/0
   475 | D:1      | Reached XP level 2. HP: 20/22 MP: 0/0
   846 | D:1      | Reached XP level 3. HP: 24/26 MP: 0/0
   846 | D:1      | Learned a level 1 spell: Freeze
   926 | D:1      | Reached skill level 1 in Fighting
  2185 | D:2      | Noticed Sigmund
  2186 | D:2      | Reached XP level 4. HP: 30/32 MP: 0/0
  3184 | D:2      | Killed Sigmund
  3185 | D:2      | Reached XP level 5. HP: 27/39 MP: 0/0
  3185 | D:2      | Learned a level 2 spell: Searing Ray
  3185 | D:2      | Reached XP level 6. HP: 31/45 MP: 0/0
  4153 | D:3      | Found a faded altar of an unknown god.
  5049 | D:4      | Reached XP level 7. HP: 44/50 MP: 0/0
  5049 | D:4      | Learned a level 3 spell: Mephitic Cloud
  5216 | D:4      | Found a sand-covered staircase.
  5227 | Ossuary  | Entered an ossuary
  5247 | Ossuary  | Reached skill level 5 in Spellcasting
  5626 | Ossuary  | Reached XP level 8. HP: 53/58 MP: 0/0
  5683 | Ossuary  | Reached skill level 5 in Dodging
  6643 | D:4      | Found a glowing golden altar of the Shining One.
  6827 | D:4      | Reached skill level 5 in Fighting
  6827 | D:4      | Reached XP level 9. HP: 44/65 MP: 0/0
  6827 | D:4      | Learned a level 3 spell: Spider Form
  7640 | D:5      | Entered Level 5 of the Dungeon
  7941 | D:5      | Noticed Prince Ribbit
  7963 | D:5      | Killed Prince Ribbit
  7964 | D:5      | Reached skill level 1 in Unarmed Combat
  8569 | D:5      | Found a staircase to the Ecumenical Temple.
  9809 | D:6      | Reached XP level 10. HP: 61/72 MP: 0/0
 11504 | D:7      | Noticed Maggie
 11516 | D:7      | Killed Maggie
 12687 | D:8      | Found a flagged portal.
 12712 | Bailey   | Entered a bailey
 13511 | D:8      | Noticed Maurice
 13541 | D:8      | Killed Maurice
 13542 | D:8      | Reached XP level 11. HP: 49/79 MP: 0/0
 13542 | D:8      | Learned a level 4 spell: Flame Wave
 13809 | D:8      | Reached skill level 5 in Unarmed Combat
 14589 | Temple   | Entered the Ecumenical Temple
 14614 | Temple   | Became a worshipper of Hepliaklqana the Forgotten
 15535 | D:9      | Identified the +1 leather armour "Xibiav" {Rampage rC+}
 16210 | D:9      | Noticed Psyche
 16232 | D:9      | Killed Psyche
 16474 | D:9      | Reached * piety under Hepliaklqana
 16534 | D:10     | Entered Level 10 of the Dungeon
 17320 | D:10     | Noticed a six-headed hydra
 17324 | D:10     | Noticed Erolcha
 17547 | D:10     | Found a staircase to the Orcish Mines.
 17863 | D:10     | Killed Erolcha
 18046 | D:10     | Found Ritada Igeh's Antique Weapon Shoppe.
 18342 | D:10     | Killed a six-headed hydra
 18343 | D:10     | Reached skill level 10 in Spellcasting
 18343 | D:10     | Reached XP level 12. HP: 75/79 MP: 0/0
 18555 | D:11     | Noticed a two-headed ogre
 18576 | D:11     | Killed a two-headed ogre
 18784 | D:11     | Reached ** piety under Hepliaklqana
 18785 | D:11     | Remembered your ancestor Sukacok as a hexer
 19080 | D:11     | Noticed a two-headed ogre
 19090 | D:11     | Killed a two-headed ogre
 19091 | D:11     | Reached skill level 10 in Dodging
 19131 | D:11     | Found a staircase to the Lair.
 19638 | Lair:1   | Entered Level 1 of the Lair of Beasts
 20466 | Lair:1   | Noticed an eight-headed hydra
 20478 | Lair:1   | Killed an eight-headed hydra
 20634 | Lair:1   | Reached *** piety under Hepliaklqana
 21113 | Lair:2   | Noticed a four-headed hydra
 21119 | Lair:2   | Killed a four-headed hydra
 21120 | Lair:2   | Reached XP level 13. HP: 80/84 MP: 0/0
 21120 | Lair:2   | Learned a level 5 spell: Borgnjor's Vile Clutch
 21139 | Lair:2   | Found a runed translucent gate.
 21140 | Lair:2   | Found a runed translucent gate.
 21141 | Lair:2   | Found a runed translucent gate.
 21143 | Lair:2   | Noticed oldriver's ghost (journeyman GnGl)
 21146 | Lair:2   | Found a viscous altar of Jiyva.
 21200 | Lair:2   | Noticed an eight-headed hydra
 21212 | Lair:2   | Killed an eight-headed hydra
 21240 | Lair:2   | Noticed an eight-headed hydra
 21252 | Lair:2   | Killed a nine-headed hydra
 21347 | Lair:2   | Found a staircase to the Snake Pit.
 21529 | Lair:2   | Reached skill level 10 in Fighting
 21954 | Lair:3   | Killed from afar by a rime drake

Illustrated notes

Levels and vault maps discovered:
D:1:      ncdulo_halloftheorcs, layout_loops_ring
D:2:      layout_rooms, uniq_sigmund
D:3:      layout_loops_ring, ebering_ecumenical_altar_sacrificial,
          feat_on_display
D:4:      layout_cave_pods, nicolae_tso_swordbearing_angel, enter_ossuary_4,
          abandoned_shop
D:5:      layout_loops_ring, temple_statues, uniq_prince_ribbit1
D:6:      cheibrodos_fertilizer, layout_loops_corners
D:7:      layout_loops_ring, uniq_maggie
D:8:      layout_basic, enter_bailey_5, wad_dig_loot, uniq_maurice
D:9:      layout_gridville, serial_glass, glass_columns_b, glass_columns_b,
          uniq_psyche
D:10:     layout_loops_ring, orc_0_dummy, serial_shops, shop_statue,
          minmay_misc_feat_doors, uniq_erolcha
D:11:     layout_stronghold, dpeg_oklobed_lair
Temple:   nicolae_temple_the_god_donut
Lair:1:   layout_gridlike, worms_lemuel, infiniplex_staircase_pool,
          serial_bayou_shore_b, serial_bayou_shore_b
Lair:2:   layout_gridlike, guppyfry_snake_entry_garden, gammafunk_ghost_ooze,
          minivault_25, infiniplex_staircase_pool_2, lemuel_fruit_tree
Lair:3:   layout_regular_city, minivault_24, grunt_megastairs_5

Skill      XL: |  1  2  3  4  5  6  7  8  9 10 11 12 13 |
---------------+----------------------------------------+-----
Fighting       | 1 2 3 5 6 7 8 9 10 | 10.1
Dodging        | 3 4 6 7 8 9 10 11 | 11.3
Spellcasting   | 4 5 6 7 8 10 11 | 11.5
Unarmed Combat | 2 4 6 7 8 |  8.5
Stealth        | |  1.5

Action                   |  1- 3 |  4- 6 |  7- 9 | 10-12 | 13-15 || total
-------------------------+-------+-------+-------+-------+-------++-------
Melee: Unarmed           |    26 |       |   193 |   483 |    44 ||   746
       Whip              |    83 |    34 |   128 |     5 |       ||   250
       Punch             |       |       |     4 |     1 |       ||     5
       Long sword        |       |       |       |    39 |    27 ||    66
 Cast: Summon Small Mamm |     9 |       |       |       |       ||     9
       Call Imp          |     8 |    10 |       |       |       ||    18
       Searing Ray       |       |    32 |    10 |       |       ||    42
       Call Canine Famil |       |     2 |    12 |     2 |       ||    16
       Summon Lightning  |       |       |    17 |    59 |     9 ||    85
       Summon Guardian G |       |       |     1 |     3 |       ||     4
       Spider Form       |       |       |    26 |    65 |     3 ||    94
       Mephitic Cloud    |       |       |     2 |    16 |       ||    18
       Freeze            |       |       |       |     4 |       ||     4
       Flame Wave        |       |       |       |     1 |       ||     1
       Borgnjor's Vile C |       |       |       |       |     5 ||     5
Invok: Ancestor Identity |       |       |       |     1 |       ||     1
       Ancestor Life: He |       |       |       |     1 |       ||     1
  Use: Scroll            |       |       |     6 |    11 |       ||    17
 Stab: Sleeping          |     5 |       |     1 |     5 |     1 ||    12
       Distracted        |       |       |     3 |     5 |       ||     8
       Confused          |       |       |     2 |     5 |     1 ||     8
Armor: Robe              |    25 |     5 |       |       |       ||    30
       Leather armour    |       |    18 |    54 |     3 |       ||    75
       Ring mail         |       |       |    18 |     3 |       ||    21
       Skin              |       |       |    18 |    48 |     1 ||    67
       Steam dragon scal |       |       |       |     4 |       ||     4
       Troll leather arm |       |       |       |     9 |    12 ||    21
Dodge: Dodged            |    76 |    53 |   291 |   587 |    79 ||  1086

Table legend: (Time is in decaauts)
 A = Elapsed time spent in this place.
 B = Non-inter-level travel time spent in this place.
 C = Inter-level travel time spent in this place.
 D = Time resting spent in this place.
 E = Time spent auto-exploring this place.
 F = Levels seen in this place.
 G = Mean time per level.
                   A        B        C        D        E       F      G
               +--------+--------+--------+--------+--------+-----+--------+
         Total |  21965 |  21374 |    591 |   1801 |  15335 |  17 | 1292.1 |
       Dungeon |  17119 |  16567 |    552 |   1789 |  11532 |  11 | 1556.3 |
        Temple |    621 |    621 |      0 |      0 |    571 |   1 |  621.0 |
          Lair |   2307 |   2270 |     37 |     12 |   1757 |   3 |  769.0 |
       Ossuary |   1195 |   1195 |      0 |      0 |    881 |   1 | 1195.0 |
        Bailey |    721 |    721 |      0 |      0 |    594 |   1 |  721.0 |
               +--------+--------+--------+--------+--------+-----+--------+

Top non-repeatable levels by time:
     D:6: 2726 daAuts
     D:1: 2449 daAuts
     D:9: 1564 daAuts
     D:4: 1421 daAuts
     D:2: 1402 daAuts
    D:10: 1372 daAuts
  Lair:1: 1361 daAuts
     D:7: 1287 daAuts
    D:11: 1274 daAuts
     D:8: 1233 daAuts
     D:3: 1208 daAuts
 Ossuary: 1195 daAuts
     D:5: 1178 daAuts
  Lair:2: 902 daAuts
  Bailey: 721 daAuts
